 Dungeon Crawl Stone Soup version 0.19-a0-1216-g363869b (webtiles) character file.

20878 useraccount the Grappler (level 12, -6/82 HPs)
             Began as a Demonspawn Monk on Aug 24, 2016.
             Was the Champion of Hepliaklqana.
             Mangled by Snorg (21 damage)
             ... on level 2 of the Lair of Beasts.
             The game lasted 00:20:21 (15450 turns).

useraccount the Grappler (Demonspawn Monk)         Turns: 15450, Time: 00:20:21

Health: -6/82      AC: 12    Str: 19    XL:     12   Next: 49%
Magic:  0/18       EV: 16    Int: 16    God:    Hepliaklqana [******]
Gold:   783        SH:  0    Dex: 15    Spells: 0 memorised, 11 levels left

rFire  + + +     SeeInvis .       - Unarmed
rCold  . . .     Gourm    .     g - +2 leather armour of Claustrophobia {rF++ Slay+2}
rNeg   . . .     Faith    .     (no shield)
rPois  .         Spirit   +     C - +1 hat {Int+3}
rElec  .         Dismiss  .     f - +1 cloak
rCorr  .         Reflect  .     (no gloves)
MR     +....     Harm     .     I - +2 pair of boots
Stlth  +++.......               n - amulet of regeneration
                                y - ring of protection from magic
                                B - +3 ring of strength

@: no status effects
A: claws 2, hooves 1, horns 2, fire resistance 1, magic shield
a: Recall Ancestor, Ancestor Identity, Transference, Idealise, Renounce Religion


You were on level 2 of the Lair of Beasts.
You worshipped Hepliaklqana.
Hepliaklqana was exalted by your worship.
You were not hungry.

You visited 3 branches of the dungeon, and saw 14 of its levels.
You also visited: Ossuary.

You collected 783 gold pieces.

Inventory:

Armour
 f - a +1 cloak (worn)
 g - the +2 leather armour of Claustrophobia (worn) {rF++ Slay+2}
   (You found it on level 4 of the Dungeon)

   It affects your accuracy and damage with ranged weapons and melee attacks
   (+2).
   It greatly protects you from fire.
 C - a +1 hat of intelligence (worn)
 I - a +2 pair of boots (worn)
Jewellery
 n - an amulet of regeneration (around neck)
 y - a ring of protection from magic (right claw)
 B - a +3 ring of strength (left claw)
 J - an uncursed amulet of the gourmand
Wands
 d - a wand of lightning (11/15)
 G - a wand of flame (28/48)
 H - a wand of flame (22/48)
Scrolls
 c - a scroll of magic mapping {unknown}
 e - 2 scrolls of remove curse
 h - 5 scrolls of teleportation {unknown}
 k - 8 scrolls of enchant armour
 l - a scroll of random uselessness {unknown}
 q - a scroll of immolation {unknown}
 s - 2 scrolls of fear {unknown}
 v - 2 scrolls of fog {unknown}
 x - 3 scrolls of blinking {unknown}
 D - 5 scrolls of recharging
 K - a scroll of torment {unknown}
Potions
 m - 4 potions of flight
 o - 4 potions of might
 p - a potion of invisibility
 r - 3 potions of heal wounds
 t - 7 potions of curing
 u - 3 potions of agility
 w - a potion of resistance {unknown}
 z - 3 potions of brilliance {unknown}
 F - a potion of berserk rage {unknown}
Comestibles
 a - 10 beef jerkies
 b - 8 bread rations
 i - 5 chunks of flesh
 j - 6 meat rations
 A - 3 fruits
 E - a royal jelly


   Skills:
 - Level 8.0 Fighting
 + Level 7.5 Armour
 + Level 7.3 Dodging
 - Level 6.0 Stealth
 * Level 12.8 Unarmed Combat
 - Level 8.0 Invocations


You had 11 spell levels left.
You didn't know any spells.

Dungeon Overview and Level Annotations

Branches:
Dungeon (10/15)            Temple (1/1) D:6            Lair (3/6) D:9
  Swamp (0/4) Lair:2        Snake (0/4) Lair:3          Orc (0/2) D:9

Altars:
Ashenzari
Cheibriados
Dithmenos
Elyvilon
Fedhas
Gozag
Hepliaklqana
Kikubaaqudgha
Makhleb
Nemelex Xobeh
Okawaru
Qazlal
Ru
Sif Muna
Trog
Uskayaw
Vehumet
Xom
Yredelemnul
Zin
The Shining One

Shops:
D:5 [

Annotations:
D:10 1 runed door
Lair:1 exclusion: oklob plant
Lair:2 Snorg


Innate Abilities, Weirdness & Mutations

You have very sharp fingernails.
You have large cloven feet.
You have a pair of horns on your head.
Your flesh is heat resistant. (rF+)
When hurt, damage is shared between your health and your magic reserves.


Message History

Snorg is moderately wounded.
Snorg misses you. Snorg barely misses you. Snorg completely misses you.
Tiberia hits Snorg with a quarterstaff!!
You claw Snorg!
Snorg is heavily wounded.
Snorg barely misses you. Snorg misses you. Snorg claws you!
Tiberia points at Snorg and mumbles some strange words.
The stone arrow hits Snorg.
You claw Snorg! Your headbutt misses Snorg.
Snorg is severely wounded.
Snorg closely misses you. Snorg misses you. Snorg claws you!
* * * LOW HITPOINT WARNING * * *
Snorg barely misses you. x2; Snorg claws you!
* * * LOW HITPOINT WARNING * * *
Tiberia casts a spell at Snorg.
The puff of frost hits Snorg.
You scratch Snorg. You claw Snorg!
Snorg is almost dead.
Snorg bites you!!
You die...

#....#....##....###.♣
#..........#....##...
##....#....P#.........
#....#.....##....#P...
##....#######....#####
#...P##.####....### #
###...............#.###
#.#....................
##...T@................
#P..#R##P..#.P...#.+#.
#..######...##...##.##
##.#####.P.###...##.<.
#P.........##.........
#..##.......##........
##..##......##...#....
#P...######.##...#....
##.#######.###........


You could see the friendly Tiberia the battlemage and Snorg (berserk).

Vanquished Creatures
  A hydra (Lair:2)
  Erica (D:9)
  Joseph (D:7)
  2 spiny frogs
  A komodo dragon (Lair:1)
  4 blink frogs
  A wyvern (D:8)
  20 yaks
  Grum (D:9)
  A hippogriff (Lair:3)
  2 hungry ghosts
  Menkaure (D:7)
  A naga (Lair:3)
  2 swamp worms (Lair:2)
  2 water moccasins (Lair:1)
  4 porcupines
  2 ice beasts (D:8)
  2 orc warriors (D:9)
  A sky beast (D:9)
  2 black bears
  4 ogres
  2 wolves (D:9)
  4 centaurs
  5 crocodiles
  13 giant frogs
  4 water moccasin zombies
  6 scorpions
  8 killer bees
  4 howler monkeys
  A centaur zombie (D:9)
  4 hounds
  A giant frog zombie (D:5)
  2 jellies
  7 orc priests
  3 giant frog skeletons
  A centaur skeleton (D:7)
  Jessica (D:3)
  8 iguanas
  6 orc wizards
  8 worker ants
  8 sheep (Lair:2)
  A killer bee zombie (D:8)
  4 big kobold zombies (Ossuary)
  4 hound skeletons
  2 mummies (Ossuary)
  A worker ant zombie (D:6)
  A howler monkey zombie (D:8)
  12 adders
  2 gnolls (D:8)
  An ooze (D:6)
  9 adder zombies
  4 worms
  4 dart slugs
  7 giant geckos
  46 orcs
  12 giant cockroaches
  4 gnoll zombies (Ossuary)
  10 goblins
  6 hobgoblins
  10 jackals
  11 kobolds
  2 quokkas
  2 ball pythons
  8 bats
  5 giant newts
  8 hobgoblin zombies (Ossuary)
  3 kobold zombies (Ossuary)
  4 orc zombies (Ossuary)
  2 quokka skeletons
  7 rats
344 creatures vanquished.

Vanquished Creatures (collateral kills)
  Rupert (Lair:3)
  Gastronok (D:10)
  Maurice (D:9)
  2 black mambas
  A komodo dragon (Lair:2)
  Prince Ribbit (Lair:3)
  A blink frog (Lair:2)
  4 yaks
  A basilisk (Lair:2)
  A hippogriff (D:10)
  A hungry ghost (D:9)
  A swamp worm (Lair:2)
  2 water moccasins
  An orc warrior (D:6)
  A wasp (D:8)
  An ogre (D:6)
  A sky beast (D:9)
  A wolf (D:9)
  A crocodile (Lair:2)
  A big kobold (D:8)
  A giant frog (Lair:1)
  5 killer bees
  An electric eel (Lair:2)
  3 crimson imps
  A centaur zombie (D:7)
  An orc priest (D:7)
  4 orc wizards
  5 worker ants
  A hound skeleton (D:10)
  A gnoll (D:8)
  13 orcs
  2 giant cockroaches (D:10)
  A kobold (D:8)
  2 butterflies (D:10)
66 creatures vanquished.

Vanquished Creatures (others)
  A battlemage (Lair:3)
  A fungus (Lair:2)
2 creatures vanquished.

Grand Total: 412 creatures vanquished

Notes
Turn   | Place    | Note
-------+----------+-------------------------------------------
     0 | D:1      | useraccount the Demonspawn Monk began the quest for the Orb.
     0 | D:1      | Reached XP level 1. HP: 18/18 MP: 1/1
   143 | D:1      | Gained mutation: Your flesh is heat resistant. (rF+) [demonic ancestry]
   143 | D:1      | Reached XP level 2. HP: 16/24 MP: 2/2
   561 | D:1      | Reached skill level 1 in Armour
   648 | D:2      | Reached skill level 3 in Unarmed Combat
   648 | D:2      | Gained mutation: When hurt, damage is shared between your health and your magic reserves. [demonic ancestry]
   648 | D:2      | Reached XP level 3. HP: 22/29 MP: 3/3
  1552 | D:2      | Gained mutation: You have sharp fingernails. [demonic ancestry]
  1552 | D:2      | Reached XP level 4. HP: 35/35 MP: 4/4
  2127 | D:3      | Gained mutation: You have very sharp fingernails. [demonic ancestry]
  2127 | D:3      | Reached XP level 5. HP: 14/41 MP: 3/5
  2604 | D:3      | Noticed Jessica
  2646 | D:3      | Killed Jessica
  2652 | D:3      | HP: 2/61 [orc priest/divine providence (10)]
  3115 | D:3      | Reached skill level 4 in Unarmed Combat
  3382 | D:4      | Reached XP level 6. HP: 32/48 MP: 6/6
  3992 | D:4      | Gained mutation: You have a pair of small horns on your head. [demonic ancestry]
  3992 | D:4      | Reached XP level 7. HP: 22/54 MP: 3/7
  4364 | D:4      | Got a dazzling leather armour
  4376 | D:4      | Reached skill level 5 in Unarmed Combat
  4406 | D:4      | Identified the +2 leather armour of Claustrophobia {rF++ Slay+2} (You found it on level 4 of the Dungeon)
  4609 | D:5      | Entered Level 5 of the Dungeon
  4838 | D:5      | Found a sand-covered staircase.
  4917 | Ossuary  | Entered an ossuary
  5253 | Ossuary  | Reached skill level 5 in Fighting
  5259 | Ossuary  | Reached skill level 6 in Unarmed Combat
  5259 | Ossuary  | Reached XP level 8. HP: 51/62 MP: 8/8
  5641 | D:5      | Found Seicsiv's Antique Armour Boutique.
  5737 | D:6      | Found a white marble altar of Elyvilon.
  5746 | D:6      | Got a wizard robe
  5846 | D:6      | Found a white marble altar of Elyvilon.
  6044 | D:6      | Reached skill level 7 in Unarmed Combat
  6208 | D:6      | Found a staircase to the Ecumenical Temple.
  6220 | Temple   | Entered the Ecumenical Temple
  6481 | Temple   | Became a worshipper of Hepliaklqana
  6481 | Temple   | Reached * piety under Hepliaklqana
  6481 | Temple   | Reached ** piety under Hepliaklqana
  6482 | Temple   | Remembered your ancestor Tiberia as a battlemage
  7048 | D:7      | Noticed Joseph
  7058 | D:7      | Killed Joseph
  7058 | D:7      | Reached XP level 9. HP: 32/63 MP: 3/9
  7253 | D:7      | Reached skill level 8 in Unarmed Combat
  7678 | D:7      | Noticed Menkaure
  7680 | D:7      | Killed Menkaure
  7804 | D:7      | Reached skill level 5 in Stealth
  8016 | D:7      | Reached skill level 1 in Invocations
  8171 | D:7      | Found a sparkling altar of Nemelex Xobeh.
  8408 | D:8      | Reached skill level 9 in Unarmed Combat
  8485 | D:8      | Reached *** piety under Hepliaklqana
  8770 | D:8      | Gained mutation: You have large cloven feet. [demonic ancestry]
  8770 | D:8      | Reached XP level 10. HP: 69/71 MP: 12/12
  8854 | D:8      | Identified the +1 robe "Pomin" {*Confuse rCorr Dex+5} (You found it on level 6 of the Dungeon)
  8999 | D:9      | Noticed Erica
  9005 | D:9      | Killed Erica
  9140 | D:9      | Noticed Maurice
  9149 | D:9      | Killed Maurice
  9149 | D:9      | Reached skill level 10 in Unarmed Combat
  9149 | D:9      | Reached skill level 5 in Invocations
  9186 | D:9      | Found a staircase to the Orcish Mines.
  9625 | D:9      | Reached **** piety under Hepliaklqana
  9770 | D:9      | Noticed Grum
  9789 | D:9      | Killed Grum
 10517 | D:9      | Found a staircase to the Lair.
 10747 | D:10     | Entered Level 10 of the Dungeon
 11285 | D:10     | Found a runed door.
 11305 | D:10     | Found a runed door.
 11444 | D:10     | Noticed Gastronok
 11462 | D:10     | Killed Gastronok
 11462 | D:10     | Reached skill level 5 in Armour
 11462 | D:10     | Reached skill level 5 in Dodging
 11462 | D:10     | Gained mutation: You have a pair of horns on your head. [demonic ancestry]
 11462 | D:10     | Reached XP level 11. HP: 42/77 MP: 9/16
 11547 | D:10     | Reached ***** piety under Hepliaklqana
 11973 | D:10     | Reached skill level 11 in Unarmed Combat
 12169 | Lair:1   | Entered Level 1 of the Lair of Beasts
 12169 | Lair:1   | Noticed an oklob plant
 13890 | Lair:2   | Reached skill level 12 in Unarmed Combat
 14019 | Lair:2   | Reached XP level 12. HP: 79/82 MP: 16/18
 14229 | Lair:2   | Noticed a four-headed hydra
 14235 | Lair:2   | Killed a four-headed hydra
 14295 | Lair:2   | Reached ****** piety under Hepliaklqana
 14531 | Lair:2   | Found a staircase to the Swamp.
 14715 | Lair:3   | Noticed Rupert
 14716 | Lair:3   | Paralysed by Rupert for 3 turns
 14724 | Lair:3   | Killed Rupert
 14831 | Lair:3   | Found a staircase to the Snake Pit.
 14972 | Lair:3   | Noticed Snorg
 15166 | Lair:3   | Noticed Prince Ribbit
 15179 | Lair:3   | Killed Prince Ribbit
 15450 | Lair:2   | Mangled by Snorg

Vault maps used:
D:1:      dpeg_arrival_shelter
D:3:      first_bread, grunt_ministairs_5, uniq_jessica
D:5:      lemuel_upstairs_altar, nicolae_ossuary_entry_ruins, serial_shops,
          kennysheep_mini
D:6:      basic_altar, elyvilon_altar_5
D:7:      serial_corexii_hall, corexii_hall_statues_i,
          corexii_hall_statues_deadend, st_stairs_13, grunt_ogre_cave,
          nemelex_dance_club_becter, uniq_menkaure, uniq_joseph
D:9:      lair_0_dummy, hiddenorc2_lemuel, uniq_grum, uniq_maurice, uniq_erica
D:10:     lemuel_insect_pit, uniq_gastronok
Temple:   roderic_octagonal_lattice_temple
Lair:1:   dpeg_stationary_puzzle
Lair:2:   nicolae_swamp_entry_splash_gauntlet
Lair:3:   guppyfry_snake_entry_island, uniq_prince_ribbit2, uniq_snorg,
          uniq_rupert
Ossuary:  ossuary_tomb_2

Skill      XL: |  1  2  3  4  5  6  7  8  9 10 11 12 |
---------------+-------------------------------------+-----
Stealth        | 2 4 5 6 |  6.0
Armour         | 1 2 3 4 5 6 7 |  7.5
Dodging        | 3 4 5 6 7 |  7.3
Unarmed Combat | 3 4 6 7 9 10 12 | 12.8
Fighting       | 4 5 6 7 8 |  8.0
Invocations    | 3 7 8 |  8.0

Action                   |  1- 3 |  4- 6 |  7- 9 | 10-12 || total
-------------------------+-------+-------+-------+-------++-------
Melee: Unarmed           |   204 |   263 |   368 |   386 ||  1221
       Punch             |     3 |     4 |    12 |    14 ||    33
       Headbutt          |       |       |    74 |    69 ||   143
       Kick              |       |       |       |    56 ||    56
Invok: Ancestor Life: Ba |       |       |     1 |       ||     1
       Recall Ancestor   |       |       |     1 |     2 ||     3
       Idealise          |       |       |       |     1 ||     1
Evoke: Wand              |       |       |       |     2 ||     2
  Use: Potion            |       |     2 |       |     1 ||     3
       Scroll            |       |       |     6 |     8 ||    14
 Stab: Sleeping          |     2 |       |     7 |     9 ||    18
       Distracted        |       |       |       |     4 ||     4
  Eat: Chunk             |     2 |     8 |    16 |    24 ||    50
       Pizza             |       |       |       |     2 ||     2
Armor: Ring mail         |    92 |    77 |     4 |       ||   173
       Robe              |     2 |       |       |       ||     2
       Skin              |       |     3 |       |       ||     3
       Leather armour    |       |       |    85 |    76 ||   161
Dodge: Dodged            |   144 |   123 |   223 |   268 ||   758
